 Dungeon Crawl Stone Soup version 0.22.1-1-ga44c0e56f4 (webtiles) character file.

2547 Peloso the Carver (level 9, 0/78 HPs)
             Began as a Minotaur Fighter on Nov 4, 2018.
             Was a Believer of Okawaru.
             Slain by a two-headed ogre
             ... wielding a +0 giant club
              (14 damage)
             ... on level 8 of the Dungeon.
             The game lasted 00:13:11 (5668 turns).

Peloso the Carver (Minotaur Fighter)                Turns: 5668, Time: 00:13:12

Health: 0/78       AC: 14    Str: 23    XL:     9   Next: 30%
Magic:  8/8        EV:  6    Int:  5    God:    Okawaru [**....]
Gold:   389        SH: 11    Dex: 11    Spells: 8/8 levels left

rFire    . . .     SeeInvis .   a - +0 long sword
rCold    . . .     Gourm    .   c - +0 shield
rNeg     . . .     Faith    +   b - +0 plate armour (curse)
rPois    .         Spirit   .   (helmet restricted)
rElec    .         Reflect  .   p - +0 cloak
rCorr    .         Harm     .   (no gloves)
MR       .....                  (no boots)
Stlth    ..........             u - amulet of faith
HPRegen  0.23/turn              (no ring)
MPRegen  0.11/turn              m - ring of stealth

@: no status effects
A: retaliatory headbutt, horns 2
a: Heroism, Renounce Religion


You were on level 8 of the Dungeon.
You worshipped Okawaru.
Okawaru was pleased with you.
You were not hungry.

You visited 2 branches of the dungeon, and saw 9 of its levels.

You collected 419 gold pieces.
You spent 30 gold pieces at shops.

Inventory:

Hand Weapons
 a - a +0 long sword (weapon)
 t - the +2 mace of Wrongful Imprisonment {speed, rF+ Int+7}
   (You found it on level 5 of the Dungeon)

   Attacks with this weapon are significantly faster.
   It affects your intelligence (+7).
   It protects you from fire.
Armour
 b - a cursed +0 plate armour (worn)
 c - a +0 shield (worn)
 p - a +0 cloak (worn)
Jewellery
 m - a ring of stealth (right hand)
 u - an amulet of faith (around neck)
 v - an uncursed amulet of magic regeneration {unknown}
Wands
 d - a wand of scattershot (3)
 y - a wand of acid (5)
Scrolls
 g - 2 scrolls of amnesia
 j - a scroll of blinking
 n - 2 scrolls of teleportation
 r - a scroll of fog
 x - a scroll of enchant weapon {unknown}
 z - 2 scrolls of identify
 B - a scroll of fear {unknown}
Potions
 e - a potion of magic
 h - 2 potions of flight {unknown}
 i - a potion of heal wounds {unknown}
 k - 2 potions of lignification {unknown}
 l - 4 potions of haste {unknown}
 o - 3 potions of curing {unknown}
 q - a potion of berserk rage {unknown}
 w - 4 potions of mutation {unknown}
Comestibles
 f - 8 rations


   Skills:
 + Level 6.7 Fighting
 + Level 9.3 Long Blades
 + Level 7.8 Armour
 + Level 3.0 Dodging
 + Level 0.2 Stealth
 + Level 8.3 Shields
 + Level 0.1 Invocations


You had 8 spell levels left.
You didn't know any spells.
Your spell library was empty.

Dungeon Overview and Level Annotations

Branches:
Dungeon (8/15)             Temple (1/1) D:5
   Lair: D:8-11

Altars:
Ashenzari
Cheibriados
Dithmenos
Elyvilon
Fedhas
Gozag
Kikubaaqudgha
Makhleb
Nemelex Xobeh
Okawaru
Qazlal
Ru
Sif Muna
Uskayaw
Vehumet
Wu Jian
Xom
Yredelemnul
Zin
The Shining One

Shops:
D:6 =   D:8 ?=

Portals:
Ossuary: D:8


Innate Abilities, Weirdness & Mutations

You reflexively headbutt those who attack you in melee.
You have a pair of horns on your head.


Message History

The two-headed ogre hits you with a giant club!
The two-headed ogre hits you with a giant spiked club!!
You hit the two-headed ogre but do no damage.
Your headbutt misses the two-headed ogre.
The two-headed ogre is lightly wounded.
The two-headed ogre barely misses you.
The two-headed ogre hits you with a giant spiked club!
* * * LOW HITPOINT WARNING * * *
You barely miss the two-headed ogre. You headbutt the two-headed ogre.
The two-headed ogre is lightly wounded.
You slash the two-headed ogre!
You headbutt the two-headed ogre, but do no damage.
The two-headed ogre is moderately wounded.
You block the two-headed ogre's attack. x2
You hit the two-headed ogre.
The two-headed ogre is moderately wounded.
The two-headed ogre hits you with a giant club.
* * * LOW HITPOINT WARNING * * *
The two-headed ogre hits you with a giant spiked club!
You die...

**,,.....##.######.,,*
**,,...............***
,,,,.........######*
,,**#######..#....#
*** ##..........# *
*#...######[.#
*****#..#.#,,,,#..#
,,,.>..*#.#..###..#
**####**#.#∩..).@.#
#.#..###O.#
#.#,,,,#..#
#.#****#..#
#..,,,,...#
*****,,...# ***####


You could see a two-headed ogre.

Vanquished Creatures
  A hungry ghost (D:8)
  2 water moccasins
  2 sky beasts (D:6)
  2 ice beasts
  A phantom (D:4)
  2 ogres
  4 centaurs
  A big kobold (D:7)
  4 bullfrogs
  Blork the orc (D:6)
  A scorpion (D:4)
  2 howler monkeys (D:4)
  A bullfrog zombie (D:8)
  An orc priest (D:3)
  6 hounds
  A bullfrog skeleton (D:4)
  Ijyb (D:3)
  An iguana (D:7)
  2 orc wizards
  4 worker ants
  4 hound zombies
  A howler monkey zombie (D:5)
  7 adders
  A shadow imp (D:6)
  2 oozes
  An adder zombie (D:7)
  4 worms
  2 dart slugs (D:1)
  3 leopard geckos
  14 orcs
  6 bats
  4 giant cockroaches
  15 goblins
  8 hobgoblins
  15 jackals
  5 kobolds
  5 quokkas
  3 frilled lizards
  A quokka skeleton (D:4)
  7 rats
148 creatures vanquished.

Notes
Turn   | Place    | Note
-------+----------+-------------------------------------------
     0 | D:1      | Peloso the Minotaur Fighter began the quest for the Orb.
     0 | D:1      | Reached XP level 1. HP: 19/19 MP: 0/0
    55 | D:1      | Reached XP level 2. HP: 24/27 MP: 1/1
   146 | D:1      | Reached XP level 3. HP: 14/33 MP: 2/2
   476 | D:2      | Reached skill level 3 in Long Blades
   569 | D:2      | Found a stormy altar of Qazlal.
  1065 | D:2      | Reached XP level 4. HP: 40/40 MP: 3/3
  1550 | D:3      | Reached skill level 4 in Long Blades
  1550 | D:3      | Reached skill level 1 in Dodging
  1555 | D:3      | Reached XP level 5. HP: 27/47 MP: 4/4
  1954 | D:3      | Noticed Ijyb
  1964 | D:3      | Killed Ijyb
  2168 | D:4      | Reached skill level 5 in Fighting
  2168 | D:4      | Reached XP level 6. HP: 56/56 MP: 5/5
  2173 | D:4      | Reached skill level 5 in Shields
  2187 | D:4      | Reached skill level 5 in Armour
  2205 | D:4      | Noticed an ice beast
  2224 | D:4      | Killed an ice beast
  2224 | D:4      | Reached skill level 5 in Long Blades
  2265 | D:4      | Noticed a water moccasin
  2283 | D:4      | Killed a water moccasin
  2283 | D:4      | Reached XP level 7. HP: 17/61 MP: 6/6
  2931 | D:4      | Reached skill level 6 in Long Blades
  3024 | D:5      | Entered Level 5 of the Dungeon
  3066 | D:5      | Found a staircase to the Ecumenical Temple.
  3075 | Temple   | Entered the Ecumenical Temple
  3124 | Temple   | Became a worshipper of Warmaster Okawaru
  3154 | D:5      | Got a shimmering mace
  3155 | D:5      | Identified the +2 mace of Wrongful Imprisonment {speed, rF+
                  | Int+7} (You found it on level 5 of the Dungeon)
  3276 | D:5      | Reached XP level 8. HP: 67/69 MP: 7/7
  3338 | D:5      | Reached skill level 7 in Long Blades
  3430 | D:5      | Found a basalt altar of Yredelemnul.
  3431 | D:5      | Found an ornate altar of the Wu Jian Council.
  3698 | D:5      | You fall through a shaft!
  3884 | D:6      | Reached * piety under Okawaru
  4017 | D:6      | Noticed Blork the orc
  4018 | D:6      | Found Icsoetso's Jewellery Boutique.
  4034 | D:6      | Killed Blork the orc
  4080 | D:6      | Found a radiant altar of Vehumet.
  4100 | D:6      | Reached skill level 8 in Long Blades
  4886 | D:7      | Reached ** piety under Okawaru
  4886 | D:7      | Reached XP level 9. HP: 76/78 MP: 8/8
  4925 | D:7      | Found a hide-covered altar of Uskayaw.
  4928 | D:7      | Found a deep blue altar of Sif Muna.
  4931 | D:7      | Found an opulent altar of Gozag.
  5006 | D:7      | Reached skill level 9 in Long Blades
  5467 | D:7      | Found a blossoming altar of Fedhas.
  5595 | D:8      | Found Vahiotac's Magic Scroll Shop.
  5601 | D:8      | Bought a scroll of fog for 30 gold pieces
  5605 | D:8      | Found Poybuno's Jewellery Shop.
  5660 | D:8      | Noticed a two-headed ogre
  5662 | D:8      | Found a sand-covered staircase.
  5668 | D:8      | Slain by a two-headed ogre

Skill      XL: |  1  2  3  4  5  6  7  8  9 |
---------------+----------------------------+-----
Armour         | 4 5 6 7 |  7.8
Shields        | 4 5 6 7 8 |  8.3
Fighting       | 4 5 6 |  6.7
Long Blades    | 3 4 5 6 8 9 |  9.3
Dodging        | 1 2 3 |  3.0
Stealth        | |  0.2
Invocations    | |  0.1

Action                   |  1- 3 |  4- 6 |  7- 9 || total
-------------------------+-------+-------+-------++-------
Melee: Long sword        |    98 |   122 |   298 ||   518
       Headbutt          |     8 |    19 |    76 ||   103
Invok: Heroism           |       |       |     2 ||     2
  Use: Scroll            |       |     5 |     3 ||     8
       Potion            |       |     1 |       ||     1
  Eat: Chunk             |       |     4 |     9 ||    13
       Ration            |       |       |     2 ||     2
Armor: Scale mail        |    35 |     3 |       ||    38
       Chain mail        |       |    45 |   125 ||   170
       Plate armour      |       |       |     9 ||     9
Dodge: Dodged            |    27 |    33 |    74 ||   134
Block: Shield            |    53 |    86 |   139 ||   278
       Rpst.: Long sword |     7 |     3 |    23 ||    33
